[Event "*** Titled Tuesday Blitz"]
[Site "Chess.com"]
[Date "2020.05.05"]
[Round "4"]
[White "mshuaau0"]
[Black "WeAintSurePal"]
[Result "0-1"]
[WhiteElo "2112"]
[BlackElo "2397"]
[TimeControl "180+1"]
[EndTime "10:41:45 PDT"]
[Termination "WeAintSurePal won by resignation"]

1. e4 c5 2. Nf3 e6 3. Nc3 a6 4. a4 Qc7 5. Bc4 Nc6 6. d3 Nf6 7. Bg5 Be7 8. h3 b6 9. Qd2 Bb7 10. Bf4 Bd6 11. Bxd6 Qxd6 12. O-O O-O 13. Rfe1 Ne5 14.
Nxe5 Qxe5 15. Ne2 d5 16. exd5 Nxd5 17. Nc3 Qh5 18. Bxd5 Bxd5 19. Nxd5 Qxd5 20. Qc3 Rad8 21. Re5 Qd4 22. Re4 Qxc3 23. bxc3 b5 24. axb5 axb5 25. Ra5 Rb8 26. Re5 Rfc8 27. Kf1 g6 28. g4 h6 29. f4 Kg7 30. g5 hxg5 31. fxg5 Rb7 32.
Ke2 Kf8 33. Kd2 Ke7 34. d4 cxd4 35. cxd4 Rd8 36. Ke3 Rc7 37. Rexb5 Rxc2 38. Rb7+ Rd7 39. Rxd7+ Kxd7 40. Ra7+ Ke8 41. Kf4 Kf8 42. h4 Kg7 43. Rd7 Rc4 44. Ke5 Ra4 45. Ke4 Ra1 46. Kf4 Rd1 47. Rd6 Rd3 48. Kg4 Rd2 49. Kf4 Kf8 50.
Rd7 Ke8 51. Ke3 Rh2 52. Rb7 Rxh4 53. Ra7 Rg4 54. Ra5 Rg1 55. Kf2 Rd1 56. Ke3 Kf8 57. Ke4 Kg7 58. Ke5 Rg1 59. Kd6 Rg4 60. d5 Rxg5 61.
dxe6 Rxa5 62. e7 Ra8 63. Kd7 g5 64. e8=Q Rxe8 65. Kxe8 g4 0-1

[Event "*** Titled Tuesday Blitz"]
[Site "Chess.com"]
[Date "2020.05.05"]
[Round "4"]
[White "Kildepiotr"]
[Black "vinniethepooh"]
[Result "0-1"]
[WhiteElo "2477"]
[BlackElo "2684"]
[TimeControl "180+1"]
[EndTime "10:41:46 PDT"]
[Termination "vinniethepooh won by resignation"]

1. Nf3 d5 2. g3 c6 3. Bg2 Bg4 4.
O-O Nd7 5. d3 Ngf6 6. Nbd2 e5 7.
e4 Be7 8. h3 Bh5 9. Qe1 O-O 10.
Nh4 Re8 11. Nf5 Bf8 12. g4 Bg6 13. Ng3 Nc5 14. Nb3 Ne6 15. Qe2 d4 16. h4 h6 17. h5 Bh7 18. Nf5 c5 19. Nd2 Nf4 20. Qf3 Qc7 21. a4 Rad8 22. Nc4 b6 23. Bh1 Nd7 24.
Nxe5 Nxe5 25. Qxf4 g6 26. hxg6 fxg6 27. Nxh6+ Kh8 28. Qg3 Bg7 29. g5 c4 30. f4 Nf7 31.
Nxf7+ Qxf7 32. e5 Rc8 33. Bd2 Rf8 34. Be4 a5 35. Rf2 Kg8 36. Kg2 Qe6 37. Rh1 Rc5 38.
Rh4 b5 39. axb5 Rxb5 40. dxc4 Rc5 41. Bd5 Rxd5 42. cxd5 Qxd5+ 43. Qf3 Qe6 44. Qh3 Qd5+ 45. Kg1 Rb8 46. Rxh7 Rxb2 47. Rxg7+ Kxg7 48. Qh6+ Kf7 49. Qh7+ Kf8 50. Qxg6 Rb1+ 51. Rf1 Rxf1+ 52. Kxf1 Qf3+ 53. Ke1 Qh1+ 54. Ke2 Qe4+ 55. Kd1 Qxg6 0-1

[Event "*** Titled Tuesday Blitz"]
[Site "Chess.com"]
[Date "2020.05.05"]
[Round "4"]
[White "dbrankovic68"]
[Black "RobPeresian"]
[Result "1-0"]
[WhiteElo "2465"]
[BlackElo "2282"]
[TimeControl "180+1"]
[EndTime "10:41:46 PDT"]
[Termination "dbrankovic68 won on time"]

1. e4 c5 2. Nf3 d6 3. d4 cxd4 4. Nxd4 Nf6 5. Nc3 a6 6. Bc4 e6 7.
Bb3 Nbd7 8. O-O Nc5 9. Re1 b5 10. Nd5 Bb7 11. Bg5 Be7 12. Nxe7 Qxe7 13. f3 h6 14. Bh4 g5 15. Bf2 O-O 16. h3 Rac8 17.
Qd2 Nh5 18. Rad1 Rfd8 19. c3 Nf4 20. Bc2 Qf6 21. Be3 Ng6 22. Nb3 Na4 23. Bb1 d5 24. e5 Qxe5 25. Bxg6 fxg6 26. Bb6 Qf6 27. Bxd8 Rxd8 28.
Qe2 Kf7 29. Nd4 Re8 30. Qd3 e5 31. Nb3 Nb6 32. Nc5 Bc8 33. b3 Qd6 34. Qe3 Re7 35. Nd3 e4 36. fxe4 Rxe4 37. Qf3+ Kg7 38. Rxe4 dxe4 39.
Qxe4 Bf5 40. Qe5+ Qxe5 41. Nxe5 Kf6 42. Nf3 Nd7 43. Rd6+ Ke7 44. Rxa6 Be4 45. Ra7 Kd6 46. Nd4 b4 47. cxb4 Ne5 48. Ra6+ Kd5 49. Ne2 Bd3 50. Nc3+ Kd4 51. Re6 1-0

[Event "*** Titled Tuesday Blitz"]
[Site "Chess.com"]
[Date "2020.05.05"]
[Round "4"]
[White "ZCorrales"]
[Black "ecwinslow"]
[Result "0-1"]
[WhiteElo "2036"]
[BlackElo "2235"]
[TimeControl "180+1"]
[EndTime "10:41:46 PDT"]
[Termination "ecwinslow won by checkmate"]

1. e4 c5 2. d4 cxd4 3. c3 Nf6 4. e5 Nd5 5. cxd4 d6 6. Nf3 Nc6 7. Bc4 dxe5 8. dxe5 Ndb4 9. Qxd8+ Nxd8 10. Na3 a6 11.
O-O Bg4 12. Bd2 e6 13. Rfd1 Ndc6 14. Bc3 Be7 15. h3 Bxf3 16. gxf3 Rd8 17. Rxd8+ Bxd8 18. Rd1 Bc7 19. f4 Ke7 20. Kg2 Rd8 21. Rxd8 Kxd8 22. Kf3 b5 23. Bb3 Bb6 24. f5 Kd7 25. fxe6+ fxe6 26. Kg3 Nd3 27. f4 g6 28. Nc2 a5 29. a4 b4 30. Bd2 Nc5 31. Be3 Nxb3 32. Bxb6 Ne7 33. Nd4 Nd5 34. Nxb3 Nxb6 35. Nxa5 Nxa4 36. b3 Nc5 37. h4 Ne4+ 38. Kg4 h6 39. h5 g5 40.
fxg5 Nxg5 41. Nc4 Nf7 42. Kf4 Kc6 43. Ne3 Kc5 44. Ke4 Ng5+ 45. Kf4 Kd4 46. Ng4 Nf7 47.
Nf2 Nxe5 48. Nd1 Nd3+ 49. Kf3 Nc5 50. Ne3 Nxb3 51. Ng4 Nd2+ 52. Ke2 Kc3 53. Nxh6 b3 54. Nf7 b2 55. h6 b1=Q 56. h7 Qe4+ 57. Kf2 Qxh7 58.
Kg3 Qg6+ 59. Kf4 Qxf7+ 60. Ke5 Qe7 61. Kf4 Qf6+ 62. Ke3 Kc4 63. Ke2 Qf4 64. Kd1 Qf2 65. Kc2 Nb3+ 66. Kb1 Nc5 67. Ka1 Kb3 68. Kb1 Qb2# 0-1

[Event "*** Titled Tuesday Blitz"]
[Site "Chess.com"]
[Date "2020.05.05"]
[Round "4"]
[White "Gandrade2"]
[Black "kingofkolkata"]
[Result "1/2-1/2"]
[WhiteElo "2019"]
[BlackElo "2204"]
[TimeControl "180+1"]
[EndTime "10:41:46 PDT"]
[Termination "Game drawn - insufficient material"]

1. b3 e5 2. Bb2 d6 3. e3 Nc6 4.
Bb5 g6 5. d4 Bg7 6. dxe5 dxe5 7. Qxd8+ Kxd8 8. Bxc6 bxc6 9. Nf3 f6 10. Nbd2 Be6 11.
O-O Ne7 12. Ne4 Ke8 13. Nc5 Kf7 14. Nxe6 Kxe6 15. Rfd1 Rad8 16. Kf1 h6 17. Ke2 f5 18.
c4 a6 19. Rd2 Rxd2+ 20. Nxd2 Rd8 21. Rd1 Bf6 22. Nf1 Rxd1 23. Kxd1 e4 24. Bxf6 Kxf6 25. Ng3 Ke5 26. Kd2 c5 27. Ne2 Nc6 28. a3 Ne7 29. Nc3 g5 30. Na4 Kd6 31. f3 exf3 32. gxf3 Ng6 33.
Ke2 Ne5 34. Kf2 Nd3+ 35. Kg3 a5 36. h4 Nc1 37. hxg5 hxg5 38. e4 fxe4 39. fxe4 Nxb3 40. Kg4 Ke5 41. Nc3 Nd2 42. Nd5 c6 43. Ne7 Nxe4 44.
Nxc6+ Kd6 45. Nxa5 Ke5 46. Nc6+ Kd6 47. Na5 Ke5 48. a4 Kd4 49. Kf5 Nd6+ 50. Kxg5 Nxc4 51. Nc6+ Kc3 52. a5 Nxa5 53. Nxa5 Kb4 54. Nc6+ Kb5 55. Ne5 c4 56. Nxc4 1/2-1/2

[Event "*** Titled Tuesday Blitz"]
[Site "Chess.com"]
[Date "2020.05.05"]
[Round "4"]
[White "djano"]
[Black "ShadowJolteon"]
[Result "0-1"]
[WhiteElo "2428"]
[BlackElo "2261"]
[TimeControl "180+1"]
[EndTime "10:41:47 PDT"]
[Termination "ShadowJolteon won by resignation"]

1. d4 Nf6 2. Bf4 d5 3. e3 c5 4. c3 Nc6 5. Nd2 cxd4 6. cxd4 Bf5 7. Bb5 e6 8. Ngf3 a6 9. Bxc6+ bxc6 10. O-O Bd6 11. Qa4 Qd7 12. Bxd6 Qxd6 13. Ne5 Rb8 14. Nxc6 Rxb2 15. Ne5+ Ke7 16. Nb3 Rc8 17. Rac1 Rbc2 18. Rxc2 Bxc2 19. Qa5 Bxb3 20. axb3 Rc2 21. f3 Nd7 22.
Nd3 Qc6 23. Ra1 Qc3 24. Qxc3 Rxc3 25. Nc5 Nxc5 26. dxc5 Rxc5 27. Rxa6 Rc3 28. e4 dxe4 29. fxe4 Rxb3 30. Kf2 Kf6 31. Ra5 g5 32. h3 h5 33. Rc5 Kg6 34. Rc6 Kf6 35. Rc5 Ra3 36. Rb5 g4 37. Rxh5 g3+ 38. Ke2 Kg6 39. Rb5 f5 40. e5 Kg5 41. Rb6 Kf4 42. Rxe6 Ra2+ 43. Kd3 Rxg2 44. Re8 Rh2 45. e6 Rxh3 46. e7 Rh7 47.
Ke2 Rg7 48. Kf1 Ke4 49. Kg2 f4 50. Ra8 Rxe7 51. Ra4+ Kf5 52. Kf3 Re3+ 53. Kg2 Kg4 54. Ra8 Re2+ 55. Kf1 Kf3 56. Rg8 g2+ 57. Kg1 Re1+ 0-1

[Event "*** Titled Tuesday Blitz"]
[Site "Chess.com"]
[Date "2020.05.05"]
[Round "4"]
[White "Unknown_IM"]
[Black "Durarbayli"]
[Result "0-1"]
[WhiteElo "2524"]
[BlackElo "2805"]
[TimeControl "180+1"]
[EndTime "10:41:49 PDT"]
[Termination "Durarbayli won on time"]

1. Nf3 c5 2. c4 Nc6 3. d4 cxd4 4.
Nxd4 g6 5. e4 Bg7 6. Be3 Qb6 7.
Nb5 Qa5+ 8. N5c3 Nf6 9. Bd3 d6 10. O-O Ng4 11. Bf4 Be5 12. Qd2 Bxf4 13. Qxf4 Qe5 14.
Qxe5 Ngxe5 15. Be2 Nd4 16. Nd2 g5 17. b3 Bd7 18.
Rad1 Bc6 19. f3 h5 20. Ndb1 Ne6 21. Nd5 h4 22. Nbc3 Kd7 23. b4 b6 24. Rfe1 Rhc8 25.
Rc1 Nd4 26. Bf1 h3 27. Red1 hxg2 28. Rxd4 Nxf3+ 29. Kxg2 Nxd4 30. Rd1 e5 31. Be2 Rh8 32. Bg4+ Kd8 33. Rf1 Rh7 34. Rf6 Ne6 35. b5 Bxd5 36. Nxd5 Nf4+ 37. Nxf4 gxf4 38. Rxd6+ Ke7 39. Rd7+ Kf6 40.
Rd6+ Kg5 41. h3 Rhh8 42. Rd5 Kf6 43. Rd6+ Kg7 44. Rd5 Rhe8 45. Rd7 Red8 46. Rc7 Rd2+ 47. Kf3 Rxa2 48. Be6 Ra3+ 49. Kg4 Kg6 50. Bxf7+ Kf6 51. Bd5 Rg3+ 52. Kh5 Rh8+ 0-1

[Event "*** Titled Tuesday Blitz"]
[Site "Chess.com"]
[Date "2020.05.05"]
[Round "4"]
[White "lupta_robin"]
[Black "Man-Chuk"]
[Result "1-0"]
[WhiteElo "2518"]
[BlackElo "2738"]
[TimeControl "180+1"]
[EndTime "10:41:49 PDT"]
[Termination "lupta_robin won by resignation"]

1. e4 c5 2. Nf3 d6 3. d4 cxd4 4. Nxd4 Nf6 5. Nc3 a6 6. Be3 e5 7. Nb3 Be6 8. Qd2 Be7 9. f3 Nbd7 10. g4 Nc5 11. g5 Nfd7 12. h4 Nb6 13. h5 Rc8 14. O-O-O Nca4 15. Nxa4 Nxa4 16. Kb1 Qc7 17. Be2 b5 18. f4 Bc4 19. f5 Bxe2 20. Qxe2 Qc4 21.
Qg2 f6 22. gxf6 gxf6 23. Rhg1 Kd7 24. Bc1 Rhg8 25. Qf2 Rxg1 26. Rxg1 Qxe4 27. Rg7 h6 28. Qa7+ Rc7 29. Rxe7+ Kxe7 30. Qxc7+ Ke8 31. Qc8+ Kf7 32. Qe6+ Kg7 33. Qe7+ Kg8 34. Qe8+ Kg7 35. Qg6+ Kf8 36. Qxf6+ Kg8 37. Qg6+ Kf8 38. Qxd6+ Ke8 39. f6 Qb7 40. Qxe5+ Kf7 41. Qe7+ Qxe7 42. fxe7 Kxe7 43. Bxh6 Nb6 44. Bc1 Kf7 45. h6 Kg6 46. Nc5 a5 47. b3 Nd5 48.
Kb2 Kh7 49. a3 b4 50. axb4 axb4 51. Nd3 Kg6 52. Bd2 Nf6 53. Nxb4 Ne4 54. Bc1 Nd6 55.
Nd3 Nf7 56. c4 Nd6 57. Kc3 Ne4+ 58. Kd4 Ng3 59. Kd5 Kf7 60. b4 Nf5 61. b5 Ne7+ 62.
Kc5 Kg6 63. b6 1-0

[Event "*** Titled Tuesday Blitz"]
[Site "Chess.com"]
[Date "2020.05.05"]
[Round "4"]
[White "Happy1712Drummer"]
[Black "Maybe00"]
[Result "0-1"]
[WhiteElo "2548"]
[BlackElo "2813"]
[TimeControl "180+1"]
[EndTime "10:41:51 PDT"]
[Termination "Maybe00 won on time"]

1. Nf3 d5 2. d4 Nf6 3. c4 c6 4.
Nc3 e6 5. cxd5 exd5 6. Qc2 g6 7. Bg5 Be7 8. Bxf6 Bxf6 9. e4 dxe4 10. Qxe4+ Qe7 11. Bc4 O-O 12. O-O Nd7 13. Qf4 Bg7 14. Rfe1 Qf6 15. Qc7 Nb6 16. Bb3 Bg4 17. Ne5 Be6 18.
Qxb7 Bxb3 19. axb3 Qd6 20. Nxc6 Kh8 21. Nb5 Qd5 22.
Nbxa7 Qxb3 23. d5 Bxb2 24. Rab1 Rae8 25. Rxe8 Rxe8 26. Qxf7 Ra8 27. h4 Qc2 28. Re1 Qf5 29. Re8+ Rxe8 30. Qxe8+ Kg7 31. Qe7+ Kh6 32. Qe3+ Kh5 33.
Qxb6 Qb1+ 34. Kh2 Be5+ 35. Nxe5 Qxb6 36. Nac6 Kh6 37. Kh3 Qb3+ 38. Nf3 Qxd5 39. Nce5 Qe6+ 40. g4 Kg7 41. Kg3 h6 42. g5 Qd6 43. Kg2 h5 44. Kg3 Kf8 45. Kg2 Ke7 46. Nc4 Qc5 47. Ne3 Qb6 48.
Ne5 Qa6 49. Nf3 Qa8 50. Kg3 Qb8+ 51. Kg2 Kf7 52. Nd4 Qf4 53. Nf3 Qe4 54. Nf1 Qg4+ 55.
Ng3 Ke6 56. Nd2 Qxh4 57. Nde4 Qf4 58. f3 h4 59. Ne2 Qe3 60. N2c3 Qe1 0-1

[Event "*** Titled Tuesday Blitz"]
[Site "Chess.com"]
[Date "2020.05.05"]
[Round "4"]
[White "viktorskliarov"]
[Black "zajka-molotok"]
[Result "1-0"]
[WhiteElo "2578"]
[BlackElo "2387"]
[TimeControl "180+1"]
[EndTime "10:41:53 PDT"]
[Termination "viktorskliarov won on time"]

1. e4 e5 2. Nc3 Nf6 3. Bc4 Nc6 4.
d3 Bc5 5. a3 d6 6. h3 a6 7. Nge2 Ne7 8. Bg5 Ng6 9. Nd5 Be6 10.
Bxf6 gxf6 11. b4 Ba7 12. Ng3 c6 13. Ne3 d5 14. Bb3 Nf4 15. O-O Qd7 16. Ngf5 Rg8 17.
Ng4 Rg6 18. g3 Nxh3+ 19. Kg2 Bxf5 20. exf5 Qxf5 21. Kxh3 Qh5+ 22. Kg2 Qxg4 23. Qxg4 Rxg4 24. Rh1 Rg7 25. c4 Rd8 26. cxd5 cxd5 27. Rac1 Bb6 28.
a4 Rd6 29. a5 Bd8 30. Ba4+ Ke7 31. Rc8 b6 32. Ra8 bxa5 33. Ra7+ Ke6 34. bxa5 Bxa5 35.
Ra1 Bc3 36. Ra2 f5 37. Bb3 a5 38. Rc2 Bb4 39. Rcc7 e4 40. dxe4 fxe4 41. Re7+ Kf6 42. Red7 Rxd7 43. Rxd7 Ke6 44. Rxd5 Ke7 45. Rb5 f5 46.
Rxf5 Kd6 47. Rf6+ Kc5 48. Re6 Kd4 49. Bc2 Kc3 50. Bxe4 a4 51. Rc6+ Kb2 52. Bd5 a3 53. Ra6 Rd7 54. Be6 Re7 55. f4 Bc3 56. f5 Rc7 57. Kf3 Rb7 58. g4 Bb4 59. g5 Bc3 60. Kg4 1-0

[Event "*** Titled Tuesday Blitz"]
[Site "Chess.com"]
[Date "2020.05.05"]
[Round "4"]
[White "DishonorOnYourCow"]
[Black "SmirnovTimofey2000"]
[Result "1/2-1/2"]
[WhiteElo "2334"]
[BlackElo "2526"]
[TimeControl "180+1"]
[EndTime "10:41:54 PDT"]
[Termination "Game drawn - insufficient material"]

1. d4 d5 2. c4 c6 3. Nf3 Nf6 4. e3 Bf5 5. Nc3 e6 6. Nh4 Bg6 7. Be2 Bd6 8. g3 Nbd7 9. O-O Qe7 10. b3 O-O 11. Nxg6 hxg6 12. Bb2 Ba3 13. Bxa3 Qxa3 14. Qc1 Qxc1 15. Rfxc1 Rfd8 16. cxd5 exd5 17. b4 a6 18. a4 b5 19. Nb1 Nb6 20. axb5 cxb5 21.
Nd2 Nc4 22. Nb3 Ra7 23. Na5 Rc8 24. Ra2 Ne8 25. Bf3 Rd7 26. Nxc4 dxc4 27. Rxa6 Nd6 28. Rb6 f5 29. Bc6 Rdd8 30. Bxb5 Kf8 31. Ba6 Rc7 32.
b5 Ke7 33. Kg2 Kd7 34. f3 Re8 35. Rc6 Rxe3 36. Rxc7+ Kxc7 37. b6+ Kxb6 38. Bxc4 g5 39. Bf1 g4 40. fxg4 fxg4 41. h3 gxh3+ 42. Kxh3 Nf5 43. Rb1+ Kc7 44. Kg4 Nxg3 45. Kf4 Rc3 46. Bg2 Nh5+ 47.
Kg5 Nf6 48. Bh1 Rg3+ 49. Kf5 Kd6 50. Rc1 Nd7 51. Re1 g6+ 52. Kf4 Rd3 53. d5 Nf6 54. Re6+ Kd7 55. Rxf6 Rd4+ 56. Kg5 Rd1 57. Kxg6 Rg1+ 58.
Kf5 Rxh1 59. Ke5 Re1+ 60. Kd4 Rd1+ 61. Kc5 Rc1+ 62. Kd4 Rd1+ 63. Ke5 Re1+ 64. Kd4 Ke7 65. Re6+ Rxe6 66. dxe6 Kxe6 1/2-1/2

[Event "*** Titled Tuesday Blitz"]
[Site "Chess.com"]
[Date "2020.05.05"]
[Round "4"]
[White "Sychev_Klementy"]
[Black "RitvarsReimanis"]
[Result "1-0"]
[WhiteElo "2890"]
[BlackElo "2545"]
[TimeControl "180+1"]
[EndTime "10:41:55 PDT"]
[Termination "Sychev_Klementy won by checkmate"]

1. e4 c5 2. Nf3 Nc6 3. d4 cxd4 4. Nxd4 Nf6 5. Nc3 e5 6. Ndb5 d6 7. Bg5 a6 8. Na3 b5 9. Bxf6 gxf6 10. Nd5 Bg7 11.
g3 Ne7 12. Nxe7 Qxe7 13. Bg2 Bb7 14. Qg4 O-O 15. c3 Qe6 16. Qe2 d5 17. exd5 Bxd5 18.
Bxd5 Qxd5 19. O-O Rfd8 20. Nc2 Qd2 21. Qe4 Rac8 22. Rad1 Qg5 23. Ne3 Qh5 24. Rfe1 Bf8 25.
Kg2 Bc5 26. Nd5 Kg7 27. Rd3 Qg6 28. f3 Rd6 29. Red1 Rcd8 30. g4 h5 31. h3 Qg5 32. b4 Ba7 33. Kg3 h4+ 34. Kg2 R8d7 35. R1d2 Rd8 36. Kf1 R8d7 37. Ke2 Rd8 38. Kd1 R8d7 39.
Kc2 Rd8 40. a3 R8d7 41. Rd1 Rd8 42. f4 exf4 43. Nxf4 Rxd3 44. Rxd3 Rxd3 45. Nxd3 f5 46. gxf5 Qg3 47. Nf4 Qe3 48. Qg2+ Qg3 49. Nh5+ Kh6 50. Nxg3 hxg3 51. Qxg3 Kh5 52. Qg4+ Kh6 53. f6 Be3 54.
Qg7+ Kh5 55. Qxf7+ Kh4 56. Qe7 Bg5 57. Qe4+ Kh5 58.
f7 Bh6 59. Qg4# 1-0

[Event "*** Titled Tuesday Blitz"]
[Site "Chess.com"]
[Date "2020.05.05"]
[Round "4"]
[White "RubensCezila"]
[Black "1f3_2g41-0"]
[Result "1-0"]
[WhiteElo "2472"]
[BlackElo "2293"]
[TimeControl "180+1"]
[EndTime "10:41:57 PDT"]
[Termination "RubensCezila won by resignation"]

1. Nf3 d5 2. b3 Nf6 3. Bb2 g6 4.
g3 Bg7 5. Bg2 O-O 6. O-O c5 7. e3 Nc6 8. d4 Ne4 9. Nbd2 f5 10. c4 e6 11. Rc1 b6 12. Ne5 Nxe5 13. dxe5 Bb7 14. cxd5 exd5 15. f3 Ng5 16. h4 Ne6 17. f4 Rc8 18. Nc4 Bc6 19. Nd6 Nc7 20. Nxc8 Qxc8 21. b4 c4 22. b5 Bb7 23. a4 Qe6 24. Ba3 Rd8 25. Bd6 Ne8 26. Bb4 Bf8 27. Bxf8 Kxf8 28. Rxc4 dxc4 29. Qxd8 Bxg2 30. Kxg2 c3 31.
Qd3 Qa2+ 32. Rf2 Qxa4 33. Rc2 Nc7 34. Rxc3 Qxb5 35. Qd6+ Ke8 36. Qc6+ Qxc6+ 37. Rxc6 Kd7 38. Rf6 Ke7 39. h5 Nd5 40. Rd6 Nxe3+ 41. Kf3 Nc4 42.
hxg6 hxg6 43. Rxg6 a5 44. Ke2 a4 45. Kd3 b5 46.
Ra6 Kd7 47. Kd4 a3 48. Kc5 Nd2 49. Rxa3 Nc4 50. Ra7+ Ke6 51. Ra6+ Ke7 52. Kxb5 Nd2 53. Rf6 Ne4 54. Rxf5 Nxg3 55. Rf6 Ne4 56. Ra6 Nc3+ 57. Kc4 Ne2 58. f5 Ng3 59. Ra7+ Ke8 60. f6 Nf5 61. e6 Nd6+ 62. Kd5 Nc8 63. Ra8 Kd8 64. e7+ Kd7 65.
Rxc8 Kxc8 66. e8=Q+ Kc7 67. Qc6+ 1-0

[Event "*** Titled Tuesday Blitz"]
[Site "Chess.com"]
[Date "2020.05.05"]
[Round "4"]
[White "LamaChampetre"]
[Black "MoreChessJulia"]
[Result "1-0"]
[WhiteElo "2179"]
[BlackElo "1785"]
[TimeControl "180+1"]
[EndTime "10:41:58 PDT"]
[Termination "LamaChampetre won by resignation"]

1. d4 c5 2. d5 e5 3. Nc3 d6 4. e4 g6 5. Bb5+ Bd7 6. a4 a6 7.
Bd3 b6 8. h3 Bg7 9. Nf3 Ne7 10.
O-O h6 11. Be3 O-O 12. Qd2 Kh7 13. Nh2 f5 14. exf5 Nxf5 15. Bxf5 Bxf5 16. g4 Bc8 17. Ne4 Qe7 18. Ra3 Nd7 19. Ng3 Bb7 20. c4 Nf6 21. f4 b5 22. fxe5 dxe5 23. axb5 axb5 24. Rxa8 Rxa8 25.
g5 hxg5 26. Bxg5 bxc4 27. Ne4 Rf8 28. Ng4 Nxe4 29. Bxe7 Nxd2 30. Rxf8 Bxf8 31. Bxf8 Kg8 32. Bxc5 Nf3+ 33. Kf2 Bxd5 34. Nf6+ Kf7 35. Nxd5 Ke6 36.
Ne3 Nd2 37. Bb4 Ne4+ 38. Kf3 Ng5+ 39. Kg4 Ne4 40. Nxc4 Kd5 41. Ne3+ Kd4 42. Ng2 Nf2+ 43. Kg3 Ne4+ 44. Kf3 Ng5+ 45. Kg4 Ne4 46. h4 Kc4 47. Be1 Kb3 48. Bc3 Nxc3 49. bxc3 Kxc3 50. Kg5 e4 51. Kxg6 Kd2 52. h5 Ke2 53. Nf4+ Kf3 54. Kg5 e3 55. h6 e2 56. Nxe2 Kxe2 57. h7 1-0

[Event "*** Titled Tuesday Blitz"]
[Site "Chess.com"]
[Date "2020.05.05"]
[Round "4"]
[White "turayev_shahruh17"]
[Black "Dr-Bassem"]
[Result "0-1"]
[WhiteElo "2540"]
[BlackElo "2802"]
[TimeControl "180+1"]
[EndTime "10:41:59 PDT"]
[Termination "Dr-Bassem won by resignation"]

1. e4 e5 2. Nc3 Nc6 3. Bc4 Bc5 4.
Qg4 g6 5. Qf3 Nf6 6. Nge2 d6 7. h3 Be6 8. d3 Nd7 9. Nd5 Nb4 10.
Nxb4 Bxb4+ 11. c3 Bxc4 12. dxc4 Bc5 13. Bh6 Qh4 14. Be3 Bxe3 15. Qxe3 O-O 16. g3 Qe7 17. h4 f5 18. h5 g5 19. exf5 Rxf5 20. O-O-O Raf8 21. Rh2 Nc5 22. Ng1 Qf7 23. g4 Rf4 24. f3 Qxc4 25. Nh3 Qxa2 26. Nxf4 Rxf4 27. h6 Qa1+ 28. Kc2 Qa4+ 29. Kd2 Qb5 30. Ke1 Qc6 31.
Ke2 Ne6 32. Qd3 Rxg4 33. Qd5 Qxd5 34. Rxd5 Nf4+ 35. Kf2 Nxd5 36. fxg4 Nf6 37. Kf3 Kf7 38.
Rf2 Kg6 39. Re2 Kxh6 40. Kg3 Kg6 41. Re1 h6 42. Ra1 a6 43. Ra3 Ne4+ 44. Kf3 Nc5 45. b4 Ne6 46. b5 axb5 47. Ra8 Kf7 48. Rb8 b6 49. Rb7 Kf6 50. Ke4 Nc5+ 51. Kd5 Nxb7 52.
Kc6 Nc5 53. Kxc7 e4 54. Kxb6 e3 55. Kxb5 e2 0-1

[Event "*** Titled Tuesday Blitz"]
[Site "Chess.com"]
[Date "2020.05.05"]
[Round "4"]
[White "GianmarcoVaR"]
[Black "Angry_Twin"]
[Result "1-0"]
[WhiteElo "2550"]
[BlackElo "2825"]
[TimeControl "180+1"]
[EndTime "10:41:59 PDT"]
[Termination "GianmarcoVaR won by resignation"]

1. d4 Nf6 2. c4 e6 3. Nf3 d5 4. g3 Bb4+ 5. Bd2 Be7 6. Bg2 O-O 7. O-O Nbd7 8. Qc2 c6 9. Rc1 b6 10. cxd5 cxd5 11. Bf4 Ba6 12. Nc3 b5 13. a4 b4 14.
Nb5 Qb6 15. Qc6 Rac8 16. Qxb6 Nxb6 17. b3 Bxb5 18. axb5 Rxc1+ 19. Rxc1 Rc8 20. Ne5 Rxc1+ 21. Bxc1 Nc8 22. Nc6 Bd6 23. Bd2 Kf8 24. Nxb4 Ke7 25.
Nc6+ Kd7 26. e3 Ne8 27. Bf1 f6 28. Bd3 g6 29. h4 f5 30. Kg2 Nf6 31. Kf3 Kc7 32.
Ba5+ Kd7 33. Ke2 Ne8 34. Kd1 Bc7 35. Bxc7 Kxc7 36. Kc2 Ned6 37. Kc3 a6 38. Kb4 axb5 39. Ne5 Kb6 40. Nd7+ Kc6 41. Nf8 Ne4 42. Bxe4 dxe4 43.
Nxe6 Nb6 44. Nf4 Nd7 45. Ka5 Nb6 46. b4 Nc4+ 47. Ka6 Nb2 48. d5+ Kd6 49. Kxb5 Nd3 50. Kc4 Nxf2 51. b5 Ng4 52. Kd4 Ne5 53. b6 Nd7 54. b7 Kc7 55. Ne6+ Kxb7 56. Nc5+ Kc7 57. Nxd7 Kxd7 58. Ke5 Ke7 59. d6+ Kd7 60. Kd5 h6 61. Ke5 g5 62. hxg5 hxg5 63. Kxf5 1-0

[Event "*** Titled Tuesday Blitz"]
[Site "Chess.com"]
[Date "2020.05.05"]
[Round "4"]
[White "swimmerchess"]
[Black "TERMINATOR_PC"]
[Result "0-1"]
[WhiteElo "2721"]
[BlackElo "2468"]
[TimeControl "180+1"]
[EndTime "10:42:00 PDT"]
[Termination "TERMINATOR_PC won by resignation"]

1. e4 Nf6 2. e5 Nd5 3. d4 d6 4. c4 Nb6 5. f4 g6 6. Nc3 Bg7 7. Nf3 O-O 8. Be3 Be6 9. d5 Bg4 10. e6 fxe6 11. h3 Bxf3 12. Qxf3 e5 13. g3 Na6 14.
O-O-O Nc5 15. Bxc5 dxc5 16. Ne4 exf4 17. Nxc5 Qd6 18.
Ne6 fxg3 19. Nxf8 Rxf8 20. Qe3 Qf6 21. Rd2 Na4 22. Qb3 Nc5 23. Qe3 Na4 24. Qa3 Nxb2 25. Qxb2 Qxb2+ 26. Rxb2 Bxb2+ 27. Kxb2 g2 28. Bxg2 Rf2+ 29.
Kc3 Rxg2 30. Re1 Kf7 31. a4 Rg3+ 32. Kd4 Rxh3 33. Rb1 b6 34. a5 Ra3 35. axb6 axb6 36. Rf1+ Ke8 37. Rh1 h5 38. Rg1 Kf7 39. Rf1+ Kg7 40. Re1 Kf6 41. Re6+ Kf7 42. Rc6 h4 43. Rxc7 Ra1 44. Rc8 Kg7 45. Re8 Re1 46. d6 Rd1+ 47. Ke4 exd6 48. Kf4 Kf6 49. Rf8+ Kg7 50. Rb8 h3 51. Kg3 Rd3+ 52. Kh2 Kh6 53. Rxb6 Kh5 54. Rb8 g5 55. Rh8+ Kg4 56. Re8 Rd2+ 57. Kh1 Kh4 58.
Re3 g4 59. Kg1 g3 60. Re4+ Kg5 61. Re1 Kf4 62. Rf1+ Rf2 63. Rxf2+ gxf2+ 64. Kxf2 Ke4 65. Kg3 Kd4 66. Kxh3 Kxc4 67. Kg4 d5 68. Kf4 d4 69. Ke4 d3 0-1

[Event "*** Titled Tuesday Blitz"]
[Site "Chess.com"]
[Date "2020.05.05"]
[Round "4"]
[White "Shuvalov"]
[Black "Susal_De_Silva"]
[Result "1/2-1/2"]
[WhiteElo "2433"]
[BlackElo "2248"]
[TimeControl "180+1"]
[EndTime "10:42:00 PDT"]
[Termination "Game drawn - insufficient material"]

1. Nf3 Nf6 2. c4 b6 3. g3 Bb7 4.
Bg2 g6 5. O-O Bg7 6. Nc3 O-O 7.
Re1 c5 8. e4 d6 9. d4 cxd4 10.
Nxd4 a6 11. e5 dxe5 12. Bxb7 Ra7 13. Nc6 Qxd1 14. Nxe7+ Kh8 15. Rxd1 Rxb7 16. Ned5 Rc8 17. b3 Nc6 18. Be3 Nxd5 19. Nxd5 Nd4 20. Kg2 b5 21.
Rac1 bxc4 22. Rxc4 Rxc4 23. bxc4 Rb2 24. Rc1 Bf8 25.
c5 Nc6 26. a3 Kg7 27. Nb4 Nxb4 28. axb4 Rxb4 29. c6 Rb8 30. c7 Rc8 31. Bb6 Bd6 32. Kf3 Kf6 33. Ke4 Ke7 34. Kd5 Kd7 35. Ra1 Bxc7 36.
Bxc7 Rxc7 37. Rxa6 Rc2 38. Ra7+ Ke8 39. f3 Rxh2 40. Kxe5 Rg2 41. g4 Rf2 42. f4 Kf8 43. f5 Kg7 44. Ra6 Re2+ 45. Kf4 Rf2+ 46. Kg3 Rb2 47. f6+ Kh6 48. Ra7 Rb3+ 49. Kf4 Rb4+ 50. Kf3 Rb3+ 51. Ke4 Rb4+ 52. Ke5 Rb5+ 53. Kd6 Kg5 54. Rxf7 Rb1 55. Rf8 Kxg4 56. f7 Rf1 57. Ke6 h5 58. Rg8 g5 59. f8=Q Rxf8 60. Rxf8 h4 61. Ke5 h3 62. Ke4 h2 63. Rh8 Kg3 64. Kf5 Kg2 65. Kxg5 h1=Q 66. Rxh1 Kxh1 1/2-1/2

[Event "*** Titled Tuesday Blitz"]
[Site "Chess.com"]
[Date "2020.05.05"]
[Round "4"]
[White "Beca95"]
[Black "jguerramzllo"]
[Result "1-0"]
[WhiteElo "2862"]
[BlackElo "2641"]
[TimeControl "180+1"]
[EndTime "10:42:01 PDT"]
[Termination "Beca95 won by resignation"]

1. Nf3 Nf6 2. c4 g6 3. Nc3 Bg7 4. d4 O-O 5. Bg5 d6 6. e3 Nbd7 7. h3 e5 8. Be2 Re8 9. Qc2 h6 10. Bh4 c6 11. g4 exd4 12. exd4 Qa5 13. g5 hxg5 14. Nxg5 b5 15. cxb5 cxb5 16. Qb3 d5 17.
a3 Rb8 18. Qb4 Qb6 19. O-O-O a5 20. Qxb5 Qc7 21. Bg3 Rxb5 22. Bxc7 Rb7 23. Bf4 Nb6 24. Bb5 Bd7 25. Ba6 Ra7 26. Bd3 Rc8 27. Kb1 Nc4 28. Bxc4 Rxc4 29. Be5 Bf5+ 30. Ka1 Rd7 31. Rhe1 Nh5 32.
Bxg7 Nxg7 33. Nf3 f6 34. Rh1 Kf7 35. h4 Bg4 36. Rd3 Nf5 37. Rg1 Bxf3 38. Rxf3 Nxh4 39. Rf4 Nf5 40. Rfg4 g5 41. Ne2 Re7 42. Nc3 Rxc3 43. bxc3 Nd6 44. R4g3 Ne4 45. Rd3 Nxf2 46. Rf3 Ne4 47. Rh1 Rc7 48. Rh7+ Ke6 49. Rxc7 Nd6 50. Re3+ Kf5 51. Rc5 Ne4 52. Rxd5+ Kf4 53. Re1 g4 54. Rf1+ Ke3 55. Rxf6 g3 56. Rg6 Kd3 57. Re5 Nxc3 58. Rxg3+ Kc4 59. Rxc3+ Kxc3 60. Rxa5 Kb3 61. Rb5+ Kc4 62.
Rb4+ Kd5 63. Ka2 Kc6 64. Kb3 Kd6 65. a4 1-0